 Dungeon Crawl Stone Soup version 0.22-a0-224-g8cf3520 (webtiles) character file.

1025 varam the Charmwright (level 8, 0/84 HPs)
             Began as a Gnoll Skald on Feb 20, 2018.
             Slain by a sky beast (2 damage)
             ... on level 7 of the Dungeon.
             The game lasted 00:15:36 (4320 turns).

varam the Charmwright (Gnoll Skald)                 Turns: 4320, Time: 00:15:37

Health: 0/84       AC: 24    Str: 13    XL:     8   Next: 23%
Magic:  0/15       EV:  2    Int: 16    God:
Gold:   322        SH:  4    Dex: 17    Spells: 7/18 levels left

rFire    + . .     SeeInvis .   w - +2 long sword
rCold    + . .     Gourm    .   (no shield)
rNeg     + + +     Faith    .   (armour currently unavailable)
rPois    +         Spirit   .   (helmet currently unavailable)
rElec    .         Reflect  +   (cloak currently unavailable)
rCorr    .         Harm     .   (gloves currently unavailable)
MR       .....     NoTele   +   (boots currently unavailable)
Stlth    ++........             f - +4 amulet of reflection
HPRegen  1.24/turn              z - ring of Music {rF+ Slay+3}
MPRegen  0.14/turn              D - ring of protection from cold

@: tree-form, infused, singing, very slightly contaminated, regenerating
A: distributed training, frail 1, low mp 1, evolution 1, strong nose
a: no special abilities


You were on level 7 of the Dungeon.
You were not hungry.
You were a tree.
You visited 1 branch of the dungeon, and saw 7 of its levels.
You also visited: Sewer.

You collected 322 gold pieces.

Inventory:

Hand Weapons
 a - a +0 fustibalus
 j - a cursed -2 dagger
 u - a +0 falchion
 w - a +2 long sword (weapon)
Missiles
 s - 15 sling bullets
 y - 5 tomahawks (quivered)
Armour
 b - a +0 leather armour
 d - a +0 cloak
 p - a scarf of resistance (melded)
 r - a +0 robe of magic resistance (melded)
Jewellery
 f - a +4 amulet of reflection (around neck)
 z - the ring of Music (left branch) {rF+ Slay+3}
   (You found it on level 4 of the Dungeon)

   [ring of protection from fire]

   It affects your accuracy and damage with ranged weapons and melee attacks
   (+3).
   It protects you from fire.
 C - an uncursed ring of wizardry
 D - a ring of protection from cold (right branch)
Wands
 x - a wand of enslavement (33)
 E - a wand of acid (8)
Scrolls
 e - 2 scrolls of random uselessness
 g - a scroll of magic mapping
 h - 3 scrolls of teleportation {unknown}
 k - 4 scrolls of remove curse
 q - a scroll of identify
 B - a scroll of blinking {unknown}
Potions
 i - a potion of haste {unknown}
 m - a potion of degeneration
 n - 2 potions of lignification
 o - a potion of mutation
 v - 2 potions of ambrosia {unknown}
 A - 3 potions of resistance {unknown}
Comestibles
 c - 8 rations


   Skills:
 + Level 5.5 Fighting
 + Level 3.0 Short Blades
 + Level 5.5 Long Blades
 + Level 3.0 Axes
 + Level 3.0 Maces & Flails
 + Level 3.0 Polearms
 + Level 3.0 Staves
 + Level 3.0 Slings
 + Level 3.0 Bows
 + Level 3.0 Crossbows
 + Level 3.0 Throwing
 + Level 4.0 Armour
 + Level 5.5 Dodging
 + Level 3.0 Stealth
 + Level 3.0 Shields
 + Level 3.0 Unarmed Combat
 + Level 5.9 Spellcasting
 + Level 2.4 Conjurations
 + Level 2.4 Hexes
 + Level 6.0 Charms
 + Level 2.4 Summonings
 + Level 2.4 Necromancy
 + Level 2.4 Translocations
 + Level 2.4 Transmutations
 + Level 2.4 Fire Magic
 + Level 2.4 Ice Magic
 + Level 2.4 Air Magic
 + Level 2.4 Earth Magic
 + Level 2.4 Poison Magic
 + Level 3.3 Invocations
 + Level 3.0 Evocations


You had 7 spell levels left.
You knew the following spells:

 Your Spells              Type           Power        Failure   Level  Hunger
a - Infusion              Chrm           ###.         1%          1    None
b - Song of Slaying       Chrm           ###.....     1%          2    #......
c - Shroud of Golubria    Chrm/Tloc      ###.......   3%          2    #......
d - Regeneration          Chrm/Necr      ###.......   7%          3    ##.....
e - Spectral Weapon       Hex/Chrm       ###.....     7%          3    ##.....


Dungeon Overview and Level Annotations

Branches:
Dungeon (7/15)
 Temple: D:4-7

Altars:
Trog
The Shining One

Annotations:
D:3 1 runed door


Innate Abilities, Weirdness & Mutations

Your experience applies equally to all skills.
((You have very sharp teeth.))
Your uncanny sense of smell can sniff out nearby items.
((Your flesh is cold resistant. (rC+)))
You are frail. (-10% HP)
Your magical capacity is low. (-10% MP)
You evolve.
((Your movements are slightly less encumbered by armour. (ER -2)))


Message History

The sky beast shocks you.
* * * LOW HITPOINT WARNING * * *
You block the centaur skeleton's attack.
You barely miss the sky beast.
The sky beast is moderately wounded.
The centaur skeleton hits you.
* * * LOW HITPOINT WARNING * * *
The sky beast misses you.
You riposte.
You barely miss the sky beast.
The sky beast is moderately wounded.
The centaur skeleton closely misses you.
You riposte.
You hit the centaur skeleton!
The centaur skeleton is moderately damaged.
Okay, then.
It was a potion of lignification.
You turn into a tree.
Your scarf of resistance melds into your body.
Your +0 robe of magic resistance melds into your body.
You feel hot and cold all over.
You feel less resistant to hostile enchantments.
Your roots penetrate the ground.
The sky beast hits you.
You die...

.. ..# .#
#..# ..#Z..
.... ...#
#..#
...#######..#
.....§Y♣Z§<.#
##.#######.##
#.# #.# ..#
###


You could see a sky beast and a centaur skeleton.

Vanquished Creatures
  Sigmund (D:3)
  2 ice beasts (D:5)
  A sky beast (D:6)
  2 ogres (D:4)
  A crocodile (Sewer)
  A scorpion (D:5)
  2 jellies
  A hound (D:4)
  A worker ant (D:7)
  A gnoll (D:1)
  8 adders
  An ooze (D:6)
  An adder skeleton (D:4)
  2 dart slugs
  4 leopard geckos
  5 orcs
  7 bats
  10 giant cockroaches
  13 goblins
  12 hobgoblins
  8 jackals
  2 quokkas (D:2)
  7 frilled lizards
  7 kobolds
  2 rats
102 creatures vanquished.

Notes
Turn   | Place    | Note
-------+----------+-------------------------------------------
     0 | D:1      | varam the Gnoll Skald began the quest for the Orb.
     0 | D:1      | Reached XP level 1. HP: 20/20 MP: 6/6
     6 | D:1      | Noticed a wolf
     6 | D:1      | Noticed a rime drake
     6 | D:1      | Noticed a swamp worm
     6 | D:1      | Noticed a black mamba
   331 | D:1      | Reached XP level 2. HP: 11/26 MP: 3/7
   560 | D:1      | Reached XP level 3. HP: 31/31 MP: 9/9
   611 | D:1      | You fall through a shaft!
   625 | D:2      | Learned a level 2 spell: Song of Slaying
   628 | D:2      | Learned a level 2 spell: Shroud of Golubria
   632 | D:2      | Learned a level 3 spell: Regeneration
   639 | D:2      | Reached skill level 5 in Spellcasting
   911 | D:2      | Reached skill level 1 in Invocations
  1235 | D:2      | Reached skill level 1 in Short Blades
  1235 | D:2      | Reached skill level 1 in Axes
  1235 | D:2      | Reached skill level 1 in Maces & Flails
  1235 | D:2      | Reached skill level 1 in Polearms
  1235 | D:2      | Reached skill level 1 in Staves
  1235 | D:2      | Reached skill level 1 in Slings
  1235 | D:2      | Reached skill level 1 in Bows
  1235 | D:2      | Reached skill level 1 in Crossbows
  1235 | D:2      | Reached skill level 1 in Throwing
  1235 | D:2      | Reached skill level 1 in Stealth
  1235 | D:2      | Reached skill level 1 in Shields
  1235 | D:2      | Reached skill level 1 in Unarmed Combat
  1235 | D:2      | Reached skill level 1 in Evocations
  1242 | D:2      | Reached XP level 4. HP: 35/38 MP: 7/11
  1676 | D:2      | Reached skill level 1 in Conjurations
  1676 | D:2      | Reached skill level 1 in Hexes
  1676 | D:2      | Reached skill level 1 in Summonings
  1676 | D:2      | Reached skill level 1 in Necromancy
  1676 | D:2      | Reached skill level 1 in Translocations
  1676 | D:2      | Reached skill level 1 in Transmutations
  1676 | D:2      | Reached skill level 1 in Fire Magic
  1676 | D:2      | Reached skill level 1 in Ice Magic
  1676 | D:2      | Reached skill level 1 in Air Magic
  1676 | D:2      | Reached skill level 1 in Earth Magic
  1676 | D:2      | Reached skill level 1 in Poison Magic
  1925 | D:3      | Found a glowing golden altar of the Shining One.
  1925 | D:3      | Found a runed door.
  1925 | D:3      | Noticed an angel
  2105 | D:3      | Reached XP level 5. HP: 34/43 MP: 12/12
  2195 | D:3      | Noticed Sigmund
  2240 | D:3      | Gained mutation: You evolve. [potion of mutation]
  2240 | D:3      | Gained mutation: Your flesh is cold resistant. (rC+) [potion of mutation]
  2240 | D:3      | Gained mutation: Your movements are slightly less encumbered by armour. (ER -2) [potion of mutation]
  2246 | D:3      | Killed Sigmund
  2246 | D:3      | Reached skill level 3 in Armour
  2246 | D:3      | Reached skill level 2 in Invocations
  2246 | D:3      | Reached XP level 6. HP: 30/50 MP: 3/14
  2521 | D:3      | Gained mutation: You are frail. (-10% HP) [evolution]
  2585 | D:4      | Reached skill level 5 in Fighting
  2585 | D:4      | Reached skill level 5 in Long Blades
  2585 | D:4      | Reached skill level 5 in Dodging
  2896 | D:4      | Reached skill level 2 in Short Blades
  2896 | D:4      | Reached skill level 2 in Axes
  2896 | D:4      | Reached skill level 2 in Maces & Flails
  2896 | D:4      | Reached skill level 2 in Polearms
  2896 | D:4      | Reached skill level 2 in Staves
  2896 | D:4      | Reached skill level 2 in Slings
  2896 | D:4      | Reached skill level 2 in Bows
  2896 | D:4      | Reached skill level 2 in Crossbows
  2896 | D:4      | Reached skill level 2 in Throwing
  2896 | D:4      | Reached skill level 2 in Stealth
  2896 | D:4      | Reached skill level 2 in Shields
  2896 | D:4      | Reached skill level 2 in Unarmed Combat
  2896 | D:4      | Reached skill level 2 in Evocations
  2938 | D:4      | Got a shimmering platinum ring
  2962 | D:4      | Reached XP level 7. HP: 50/50 MP: 11/15
  3254 | D:5      | Entered Level 5 of the Dungeon
  3308 | D:5      | Found a bloodstained altar of Trog.
  3417 | D:5      | Found a glowing drain.
  3443 | D:5      | Reached skill level 2 in Conjurations
  3443 | D:5      | Reached skill level 2 in Hexes
  3443 | D:5      | Reached skill level 2 in Summonings
  3443 | D:5      | Reached skill level 2 in Necromancy
  3443 | D:5      | Reached skill level 2 in Translocations
  3443 | D:5      | Reached skill level 2 in Transmutations
  3443 | D:5      | Reached skill level 2 in Fire Magic
  3443 | D:5      | Reached skill level 2 in Ice Magic
  3443 | D:5      | Reached skill level 2 in Air Magic
  3443 | D:5      | Reached skill level 2 in Earth Magic
  3443 | D:5      | Reached skill level 2 in Poison Magic
  3565 | D:5      | Gained mutation: Your magical capacity is low. (-10% MP) [evolution]
  3593 | Sewer    | Entered a sewer
  3759 | D:5      | Reached skill level 3 in Invocations
  3824 | D:5      | Reached XP level 8. HP: 56/56 MP: 8/15
  3903 | D:5      | Identified the ring of Music {rF+ Slay+3} (You found it on level 4 of the Dungeon)
  4111 | D:2      | Learned a level 3 spell: Spectral Weapon
  4209 | D:6      | Reached skill level 4 in Armour
  4209 | D:6      | Reached skill level 6 in Charms
  4234 | D:6      | Reached skill level 3 in Short Blades
  4234 | D:6      | Reached skill level 3 in Axes
  4234 | D:6      | Reached skill level 3 in Maces & Flails
  4234 | D:6      | Reached skill level 3 in Polearms
  4234 | D:6      | Reached skill level 3 in Staves
  4234 | D:6      | Reached skill level 3 in Slings
  4234 | D:6      | Reached skill level 3 in Bows
  4234 | D:6      | Reached skill level 3 in Crossbows
  4234 | D:6      | Reached skill level 3 in Throwing
  4234 | D:6      | Reached skill level 3 in Stealth
  4234 | D:6      | Reached skill level 3 in Shields
  4234 | D:6      | Reached skill level 3 in Unarmed Combat
  4234 | D:6      | Reached skill level 3 in Evocations
  4318 | D:7      | HP: 1/56 [sky beast (6)]
  4320 | D:7      | Slain by a sky beast

Vault maps used:
D:1:      onia_arrival_zoo_common
D:2:      cheibrodos_greedy_goblins
D:3:      minmay_misc_feat_ornament, lemuel_angel_altar, uniq_sigmund
D:5:      nicolae_overflow_crystal_walls, gup_sewer_entry_glass, first_ration
D:6:      minmay_flawed_box, minmay_temple_entry_large_hall, uniq_edmund
D:7:      marbit_many_paths, uniq_duvessa, uniq_pikel
Sewer:    sewer_the_crocodile

Skill      XL: |  1  2  3  4  5  6  7  8 |
---------------+-------------------------+-----
Spellcasting   | 5 |  5.9
Invocations    | 1 2 3 |  3.3
Short Blades   | 1 2 3 |  3.0
Axes           | 1 2 3 |  3.0
Maces & Flails | 1 2 3 |  3.0
Polearms       | 1 2 3 |  3.0
Staves         | 1 2 3 |  3.0
Slings         | 1 2 3 |  3.0
Bows           | 1 2 3 |  3.0
Crossbows      | 1 2 3 |  3.0
Throwing       | 1 2 3 |  3.0
Stealth        | 1 2 3 |  3.0
Shields        | 1 2 3 |  3.0
Unarmed Combat | 1 2 3 |  3.0
Evocations     | 1 2 3 |  3.0
Conjurations   | 1 2 |  2.4
Hexes          | 1 2 |  2.4
Summonings     | 1 2 |  2.4
Necromancy     | 1 2 |  2.4
Translocations | 1 2 |  2.4
Transmutations | 1 2 |  2.4
Fire Magic     | 1 2 |  2.4
Ice Magic      | 1 2 |  2.4
Air Magic      | 1 2 |  2.4
Earth Magic    | 1 2 |  2.4
Poison Magic   | 1 2 |  2.4
Armour         | 3 4 |  4.0
Fighting       | 5 |  5.5
Long Blades    | 5 |  5.5
Dodging        | 5 |  5.5
Charms         | 6 |  6.0

Action                   |  1- 3 |  4- 6 |  7- 9 || total
-------------------------+-------+-------+-------++-------
Melee: Falchion          |    70 |    22 |       ||    92
       Bite              |     8 |     9 |    14 ||    31
       Long sword        |       |   101 |    72 ||   173
 Fire: Fustibalus        |       |       |     7 ||     7
Throw: Tomahawk          |       |     6 |     3 ||     9
 Cast: Infusion          |     8 |     9 |     8 ||    25
       Song of Slaying   |     1 |     4 |     2 ||     7
       Shroud of Golubri |     1 |     1 |     5 ||     7
       Regeneration      |       |     4 |     3 ||     7
Evoke: Wand              |       |       |     2 ||     2
  Use: Potion            |       |     4 |     3 ||     7
       Scroll            |       |     2 |     6 ||     8
 Stab: Sleeping          |     3 |     3 |     1 ||     7
  Eat: Chunk             |     1 |     6 |     3 ||    10
       Ration            |       |       |     1 ||     1
Armor: Leather armour    |    16 |    23 |       ||    39
       Robe              |       |       |    13 ||    13
Dodge: Dodged            |    63 |    78 |    50 ||   191
Block: Other             |       |    18 |    17 ||    35
       Reflection        |       |       |     1 ||     1
       Rpst.: Falchion   |    16 |     7 |       ||    23
       Long sword        |       |    20 |    12 ||    32

Table legend:
 A = Spawn XP
 B = Non-spawn XP
 C = Spawn XP percentage of total XP
 D = Spawn monster count
 E = Non-spawn monster count
 F = Spawn count percentage of total count
 G = Total turns spent on level
                    A         B        C        D         E        F      G
               +---------+---------+-------+---------+---------+-------+---------
         Total |       0 |    1465 |   0.0 |       0 |     102 |   0.0 |  4320
               +---------+---------+-------+---------+---------+-------+---------
           D:1 |       0 |      36 |   0.0 |       0 |      14 |   0.0 |   828
           D:2 |       0 |     106 |   0.0 |       0 |      37 |   0.0 |   979
           D:3 |       0 |     258 |   0.0 |       0 |      17 |   0.0 |   784
           D:4 |       0 |     357 |   0.0 |       0 |      13 |   0.0 |   765
           D:5 |       0 |     374 |   0.0 |       0 |      10 |   0.0 |   662
           D:6 |       0 |     178 |   0.0 |       0 |       3 |   0.0 |   130
           D:7 |       0 |      47 |   0.0 |       0 |       2 |   0.0 |    56
         Sewer |       0 |     109 |   0.0 |       0 |       6 |   0.0 |   116
               +---------+---------+-------+---------+---------+-------+---------
